Description

2 Queens per mineral line in Main and Natural If stargate go Spire Everything dies to mass roaches

66 Drones (3 Base, 3 Gases), take 4th base, hydra den, mass roaches, +1 range damage, hydra upgrades, ca. 16 hydras, max with roach, ling, raveger, attack at ca. 8 min with m180 supply

66 Drones (3 Base, 3 Gases), lair done directly spire, take 4th, scout with overseer, if multi stargate make corruptors, if no stargate mass mutas and lings, scout 3rd base full probes go to 80 drones with 8 gas, deny 4th base

Late Game Option: Make Lurkers 66 Drones (3 Base, 3 Gases), 4th base, make roaches, hydra den and infestation pit, scout with overseer, if skytoss go to 80 workers with 8 gas, 4 infestors with shroud, attack when maxed out with roach hydra (against tempest need later corruptors), if no probes 3rd nexus mass roach and raveger, if probes 3rd nexus and ground units go to 88 drones, hive and lurker, max supply roach hydra ling, lurker range, morph lurkers, either defend or attack with concave lurkers,

OV1: Check entrance your natural (probe hatch block) then enemy entrance natural (hide on high ground if stalker) OV2: Check entrance your natural (cannon rush) then below Main to scout later OV3: Entrance your natural OV4: Entrance 3rd (cover the 2 attack routes) OV5,6: Side space for oracle and warp prisms.
Other OVs: Fill holes (also blind spot behind your base) Dont oversaturate mineral lines Drones pulled from gas go to natural First round of inject 3 drones to gas

Replay - 2025-05-05 - (Z)llIIlIIllIII VS (P)A.I. 1 (Very Easy)

Build Order

Get SALT Encoding   

  12  0:00  Drone  
  13  0:09  Drone  
  14  0:14  Extractor, Drone Extractor Trick  
  15  0:21  Overlord  
  15  0:39  Drone  
  16  0:45  Hatchery  
  16  0:49  Drone x2  
  16  0:56  Drone  
  18  1:06  Extractor 3 Drones  
  17  1:10  Spawning Pool  
  16  1:14  Drone x2  
  18  1:26  Drone  
  21  1:57  Queen x2  
  21  1:59  Zergling x2  
  21  2:00  Overlord  
  27  2:12  Metabolic Boost Take drones off Gas  
  31  2:33  Queen Natural  
  34  2:43  Hatchery  
  33  2:48  Overlord  
  33  2:54  Overlord Ring of vision around your base  
  45  3:20  Queen Drones back to gas  
  47  3:27  Spore Crawler Main  
  47  3:29  Queen  
  47  3:32  Spore Crawler Natural  
  47  3:35  Overlord  
  47  3:39  Zergling x10 Safety Lings, Use ring vision enemy base  
  60  3:40  Roach Warren Wall, When Stargate then do it 4:30  
  71  4:36  Extractor x3  
  75  4:40  Lair  
  82  5:00  Action 66 Drones,  
Spawning Tool Build Advisor. Get it on Overwolf

Go to:

Details

  • Created by: verthimax
  • Published on: Jan 19, 2026
  • Modified on: Jan 19, 2026
  • Patch: 5.0.11
  • Difficulty: Easy
Show
View Real Time Build Order
Export as new Build Order

Comments (0)

There are no comments. Be the first!

Create an account to comment!